Map: Dusty Gorge

Players

PoorDad

  • Race: Terran Terran
  • Spawn Location: 11:00

RichDad

  • Race: Protoss Protoss
  • Spawn Location: 9:00

Nightmare - Winner!

  • Race: Protoss Protoss
  • League: Gold
  • Spawn Location: 3:00

XxDepravity - Winner!

  • Race: Zerg Zerg
  • League: Gold
  • Spawn Location: 5:00

VOD

Have the link to the VOD?

Description

Lots of fighting in the middle.

Time

  • Played on: March 8, 2019, 11:38 p.m.
  • Length: 19:18
Show
View Real Time Build Order
Export as new Build Order

PoorDad Terran 

Build Orders: Reaper Expand 

Get SALT Encoding   

  12  0:00  SCV  
  13  0:13  SCV  
  14  0:18  Supply Depot  
  14  0:25  SCV  
  15  0:40  SCV  
  15  0:42  Barracks  
  16  0:47  Refinery  
  16  0:52  SCV  
  17  1:05  SCV  
  18  1:17  SCV  
  19  1:30  Orbital Command, Reaper  
  20  1:52  Command Center  
  20  1:57  SCV  
  21  2:09  Barracks Tech Lab  
  21  2:17  Factory  
  21  2:20  SCV  
  22  2:26  Refinery  
  22  2:28  Supply Depot  
  22  2:32  SCV  
  23  2:49  SCV  
  24  2:58  Factory  
  24  3:01  SCV  
  25  3:11  Command Center  
  25  3:14  SCV  
  26  3:20  Orbital Command  
  26  3:26  Cyclone  
  29  3:29  SCV  
  30  3:34  Refinery  
  30  3:41  SCV  
  30  3:45  Factory Reactor  
  31  3:48  SCV  
  31  3:53  Supply Depot  
  32  3:57  Factory  
  32  4:00  Mag-Field Accelerator  
  32  4:12  Cyclone  
  32  4:13  SCV  
  32  4:14  SCV  
  37  4:20  Supply Depot  
  37  4:26  SCV x2  
  39  4:33  Orbital Command  
  39  4:36  Hellion  
  39  4:38  SCV x2  
  42  4:39  Hellion  
  42  4:42  Factory Tech Lab  
  45  4:46  Supply Depot  
  45  4:50  SCV  
  46  4:53  Cyclone  
  51  5:00  Hellion  
  51  5:05  Hellion x2  
  55  5:13  SCV x2  
  57  5:16  Orbital Command  
  57  5:25  SCV x2  
  57  5:26  Cyclone x2  
  57  5:28  Hellion  
  67  5:37  SCV x2  
  66  5:51  Hellion x2  
  70  5:58  Cyclone x2  
  70  6:03  SCV  
  70  6:04  SCV x2  
  77  6:09  Supply Depot  
  77  6:11  Refinery  
  77  6:13  Armory  
  77  6:14  Hellion  
  77  6:15  Hellion  
  77  6:16  SCV x2  
  83  6:30  Cyclone  
  82  6:47  Cyclone  
  78  6:48  Hellion x2  
  82  7:02  SCV x3  
  82  7:03  Hellion  
  87  7:08  Supply Depot  
  87  7:09  Hellion  
  87  7:14  SCV x3  
  92  7:20  Refinery  
  92  7:23  Factory x2  
  92  7:24  Armory  
  92  7:25  Starport  
  92  7:26  SCV, Refinery  
  92  7:27  Armory  
  93  7:30  SCV x2, Terran Vehicle And Ship Armor Level 1  
  93  7:32  Supply Depot x2  
  93  7:36  Cyclone  
  98  7:40  Command Center  
  98  7:51  Cyclone  
  101  7:54  Hellion x2  
  101  7:56  SCV x2  
  101  7:57  SCV  
  108  8:08  SCV  
  108  8:09  Hellion  
  109  8:15  Hellion  
  73  8:23  Cyclone  
  73  8:26  Factory Tech Lab  
  76  8:27  Factory Reactor  
  76  8:28  Starport Tech Lab  
  76  8:30  SCV x3, Starport  
  76  8:34  Starport  
  78  8:41  Cyclone  
  81  8:42  SCV x2  
  81  8:43  Hellion x2  
  87  8:48  Cyclone  
  87  8:55  Cyclone  
  93  8:56  SCV x3  
  96  9:04  Hellion  
  96  9:08  Command Center, SCV x3, Hellion  
  96  9:09  Hellion  
  105  9:13  Starport Tech Lab x2  
  105  9:32  Hellion x3  
  105  9:33  Hellion  
  105  9:36  Cyclone  
  116  9:39  Supply Depot  
  116  9:41  Terran Vehicle And Ship Armor Level 2  
  116  9:42  Supply Depot, Terran Ship Weapons Level 1  
  116  9:43  Cyclone x2  
  116  10:12  Cyclone  
  119  10:15  Cyclone x2  
  119  10:16  Hellion x4  
  131  10:24  Command Center  
  131  10:26  Command Center  
  131  10:36  Fusion Core  
  131  10:37  Hellion x3  
  137  10:43  Starport  
  137  10:44  Cyclone, Starport  
  138  11:24  Starport Tech Lab  
  138  11:25  Starport Tech Lab, Engineering Bay  
  138  11:27  Cyclone x3  
  138  11:29  Battlecruiser  
  138  11:31  Hellion  
  155  11:35  Battlecruiser x2  
  155  11:36  Hellion x2  
  155  11:37  Weapon Refit  
  155  11:38  Hellion  
  155  11:39  Orbital Command  
  173  11:43  SCV x3  
  176  11:53  Hellion  
  176  11:57  Hellion x2  
  176  11:59  Cyclone x2  
  124  12:37  Cyclone x2, Hellion x3  
  124  12:38  Cyclone  
  124  12:42  Battlecruiser  
  141  12:53  Hellion  
  147  12:58  Hellion x2  
  147  13:00  Refinery  
  147  13:01  Refinery  
  145  13:09  Cyclone x2  
  145  13:10  Cyclone  
  149  13:21  Battlecruiser x2  
  147  13:41  Cyclone  
  150  13:54  Battlecruiser  
  131  13:55  Battlecruiser  
  131  13:58  Hellion x3  
  131  13:59  Hellion x3  
  132  14:14  Hellion  
  122  14:20  Hellion x5  
  132  14:25  Hellion  
  132  14:28  Battlecruiser  
  140  14:35  Hellion  
  142  14:41  Cyclone, Hellion x4  
  142  14:42  SCV x4  
  157  14:46  Cyclone  
  160  14:54  SCV x4  
  160  14:56  Cyclone  
  167  15:01  Battlecruiser  
  167  15:06  SCV x2  
  175  15:09  Liberator x2  
  175  15:10  Hellion x2  
  175  15:11  Hellion  
  175  15:13  Cyclone  
  184  15:16  Liberator  
  184  15:32  Cyclone x2  
  166  15:45  Cyclone  
  169  16:04  Cyclone x2  
  167  16:09  Liberator  
  167  16:10  Liberator  
  168  16:13  Battlecruiser  
  168  16:18  Cyclone  
  167  16:27  Viking  
  128  16:46  Battlecruiser  
  113  16:49  Cyclone, Hellion  
  113  16:51  Hellion x5  
  116  17:05  Battlecruiser  
  122  17:11  Hellion  
  122  17:12  Hellion x2  
  122  17:13  Hellion x3  
  134  17:22  Hellion  
  136  17:25  Command Center  
  136  17:26  Missile Turret  
  136  17:27  Command Center  
  136  17:29  Command Center, Missile Turret  
  136  17:30  Missile Turret  
  136  17:32  Missile Turret, Hellion  
  136  17:33  Missile Turret  
  136  17:34  Hellion x3  
  144  17:45  Battlecruiser  
  148  18:01  Cyclone x2  
Show
View Real Time Build Order
Export as new Build Order

RichDad Protoss 

Build Orders:  

Get SALT Encoding   

  12  0:02  Probe  
  13  0:16  Probe  
  14  0:28  Probe  
  15  0:37  Pylon  
  15  1:02  Gateway  
  15  1:07  Assimilator  
  15  1:09  Probe  
  16  1:12  Assimilator  
  16  1:15  Pylon  
  16  1:21  Probe  
  17  1:33  Probe  
  18  1:57  Cybernetics Core  
  18  2:00  Gateway  
  18  2:03  Probe  
  19  2:08  Nexus  
  19  2:11  Probe  
  19  2:20  Probe  
  21  2:32  Probe  
  21  2:36  Assimilator  
  22  2:40  Assimilator  
  22  2:51  Pylon  
  22  2:52  Warp Gate  
  22  2:59  Probe  
  22  3:01  Stalker x2  
  27  3:11  Probe  
  28  3:24  Probe x2  
  30  3:30  Robotics Facility  
  30  3:37  Stalker  
  32  3:52  Stalker  
  34  4:08  Probe  
  34  4:09  Probe  
  36  4:11  Stargate  
  36  4:20  Probe  
  36  4:21  Probe  
  38  4:30  Immortal  
  42  4:34  Probe  
  42  4:35  Probe  
  42  4:37  Nexus  
  44  4:42  Probe  
  44  4:43  Probe  
  44  4:50  Probe  
  44  4:51  Probe  
  48  5:05  Gateway  
  48  5:07  Forge  
  48  5:13  Pylon  
  48  5:15  Pylon  
  48  5:19  Immortal  
  52  5:23  Probe x2  
  54  5:35  Probe x2  
  56  5:40  Protoss Ground Weapons Level 1  
  56  5:51  Forge  
  56  5:55  Robotics Facility, Stargate  
  56  6:04  Pylon  
  56  6:06  Pylon  
  56  6:09  Probe x3  
  59  6:13  Pylon  
  59  6:15  Pylon  
  59  6:21  Probe, Assimilator  
  59  6:22  Probe  
  59  6:23  Probe  
  62  6:25  Assimilator  
  62  6:29  Pylon  
  62  6:33  Probe  
  63  6:53  Immortal x2  
  71  6:56  Protoss Ground Armor Level 1  
  71  6:59  Protoss Air Weapons Level 1  
  71  7:00  Stalker x2  
  75  7:12  Probe x3  
  78  7:24  Probe x3  
  78  7:27  Fleet Beacon, Stalker  
  78  7:28  Stalker  
  85  7:30  Stalker  
  85  7:32  Observer  
  88  7:40  Photon Cannon  
  88  7:44  Photon Cannon  
  88  7:46  Probe  
  88  7:47  Photon Cannon, Probe  
  88  7:48  Probe  
  91  8:07  Tempest x2  
  101  8:28  Immortal x2  
  109  8:34  Stalker x2  
  109  8:35  Stalker  
  109  8:40  Tempest  
  115  8:50  Tempest  
  115  8:51  Cybernetics Core  
  125  9:15  Pylon  
  125  9:17  Pylon  
  125  9:19  Probe x2  
  125  9:20  Probe  
  86  9:41  Nexus  
  85  9:57  Probe  
  85  9:58  Probe  
  85  10:08  Tempest x2, Assimilator  
  85  10:09  Probe  
  85  10:10  Probe  
  85  10:11  Immortal  
  85  10:13  Assimilator  
  101  10:22  Probe  
  101  10:26  Nexus  
  101  10:28  Protoss Shields Level 1  
  102  10:30  Probe, Assimilator  
  102  10:34  Probe, Assimilator  
  104  10:43  Probe  
  104  10:46  Probe  
  106  11:03  Tempest x2  
  106  11:10  Immortal  
  120  11:14  Stalker  
  120  11:15  Stalker  
  124  11:21  Probe x3  
  127  11:33  Probe x3  
  127  11:38  Tempest  
  130  11:40  Twilight Council  
  130  11:42  Tempest  
  75  12:32  Tempest  
  75  12:33  Tempest  
  75  12:35  Immortal x2  
  83  12:57  Probe x3  
  83  12:58  Probe  
  87  13:02  Stargate  
  87  13:04  Stargate  
  87  13:09  Probe x2  
  87  13:10  Probe x2  
  91  13:21  Probe  
  91  13:22  Probe x2  
  91  13:25  Protoss Air Armor Level 1  
  91  13:26  Cybernetics Core  
  75  14:01  Tempest x3  
  70  14:09  Tempest  
  80  14:14  Immortal x2  
  80  14:16  Stalker  
  95  14:17  Stalker  
  95  14:18  Stalker  
  91  14:47  Tempest x3  
  106  15:02  Probe  
  106  15:03  Probe x3  
  110  15:11  Tempest  
  110  15:12  Protoss Air Weapons Level 2  
  110  15:14  Protoss Shields Level 2, Probe  
  110  15:15  Probe x3  
  119  15:27  Probe  
  112  15:53  Tempest x2  
  112  15:54  Tempest  
  112  15:55  Tempest  
  122  16:20  Robotics Bay  
  122  16:38  Stargate  
  122  16:40  Tempest x2  
  122  16:43  Stargate  
  132  16:48  Stargate  
  117  17:02  Stalker  
  117  17:04  Stalker  
  109  17:17  Tempest  
  114  17:23  Tempest  
  114  17:24  Tempest  
  114  17:25  Tempest  
  117  18:20  Tempest x3  
Show
View Real Time Build Order
Export as new Build Order

Nightmare Protoss - Winner!

Build Orders: Zealot Archon 

Get SALT Encoding   

  1  0:00  Probe  
  12  0:06  Probe  
  14  0:16  Probe  
  15  0:24  Pylon  
  15  0:42  Probe, Gateway  
  16  0:48  Assimilator  
  16  0:54  Probe  
  17  1:02  Probe  
  17  1:10  Probe, Gateway  
  18  1:16  Assimilator  
  19  1:25  Probe  
  20  1:30  Cybernetics Core  
  20  1:37  Probe  
  21  1:49  Probe  
  21  1:50  Warp Gate  
  21  1:52  Gateway  
  22  2:01  Probe  
  23  2:17  Nexus  
  23  2:32  Pylon  
  23  2:34  Pylon  
  23  2:50  Probe, Stalker  
  26  2:53  Twilight Council  
  26  3:06  Pylon  
  28  3:15  Probe  
  29  3:27  Probe  
  29  3:29  Robotics Facility  
  29  3:31  Probe  
  29  3:33  Charge  
  28  3:39  Probe x2  
  30  3:44  Zealot  
  33  3:49  Probe  
  33  3:51  Probe  
  35  4:00  Gateway  
  35  4:01  Probe  
  36  4:04  Probe  
  37  4:13  Probe  
  37  4:14  Gateway  
  37  4:16  Probe  
  39  4:20  Gateway  
  39  4:26  Probe  
  39  4:28  Probe  
  39  4:30  Assimilator  
  41  4:31  Assimilator  
  41  4:38  Probe  
  42  4:40  Probe, Pylon  
  43  4:50  Probe  
  43  4:52  Probe  
  45  4:55  Zealot x2  
  45  4:59  Templar Archives  
  49  5:01  Pylon  
  49  5:06  Zealot x2  
  53  5:07  Probe  
  54  5:14  Probe  
  54  5:19  Probe  
  56  5:25  Forge  
  56  5:27  Probe  
  57  5:39  Stalker x3  
  63  5:46  Protoss Ground Weapons Level 1  
  63  5:48  High Templar x2  
  63  5:51  Zealot  
  65  5:59  Archon  
  65  6:02  Zealot x2  
  69  6:08  Forge  
  69  6:15  High Templar x2  
  73  6:19  Archon  
  73  6:24  Nexus  
  73  6:30  High Templar x2  
  73  6:32  Pylon  
  77  6:34  Archon, Pylon  
  77  6:52  High Templar x2  
  81  6:54  Pylon, Assimilator  
  81  6:55  Assimilator, Stalker x2  
  81  6:56  Archon, Pylon  
  85  7:06  Protoss Shields Level 1  
  85  7:07  Robotics Bay  
  85  7:16  Probe x2  
  87  7:24  Probe x2  
  89  7:33  Probe x2  
  89  7:34  Zealot x6  
  103  7:46  Colossus  
  103  7:55  Extended Thermal Lance  
  109  8:00  Pylon  
  106  8:26  Probe x2  
  106  8:27  Probe  
  109  8:34  Probe x2  
  109  8:35  Probe  
  109  8:36  Protoss Ground Weapons Level 2  
  109  8:39  Protoss Shields Level 2  
  112  8:43  Zealot x5  
  112  8:44  Probe  
  123  8:54  Pylon  
  123  8:56  Pylon  
  123  8:59  Pylon  
  123  9:01  Pylon  
  123  9:03  Pylon  
  123  9:12  Colossus  
  123  9:13  Probe x3  
  130  9:25  Probe x2  
  96  9:51  Zealot x5  
  96  9:52  Zealot  
  92  9:55  Gateway  
  92  9:57  Gateway  
  88  10:00  Gateway  
  88  10:02  Gateway  
  88  10:04  Probe x2, Gateway  
  88  10:07  Gateway  
  88  10:08  Colossus  
  88  10:09  Gateway  
  94  10:16  High Templar x2  
  94  10:17  High Templar x4  
  94  10:21  Archon x3  
  106  10:32  Protoss Ground Armor Level 1  
  106  10:36  Protoss Ground Weapons Level 3  
  106  10:46  Nexus  
  106  10:49  Pylon  
  106  10:51  Pylon  
  106  10:53  Pylon  
  106  10:58  High Templar  
  106  10:59  High Templar x2  
  106  11:00  High Templar  
  106  11:01  Zealot x4  
  106  11:02  Colossus  
  106  11:04  Archon x2  
  128  11:17  Nexus  
  128  11:19  Pylon  
  128  11:22  Pylon  
  128  11:28  High Templar  
  128  11:29  High Templar  
  128  11:31  Stalker x3  
  128  11:32  Stalker  
  140  11:41  Archon  
  140  11:53  Gateway  
  140  11:56  Observer, Assimilator  
  140  11:59  Sentry x4  
  140  12:00  Assimilator  
  149  12:03  Zealot x3  
  149  12:04  Zealot x5  
  123  12:35  Zealot x4  
  123  12:36  Zealot x6  
  133  12:37  Zealot x2  
  131  12:50  Probe x2  
  131  12:51  Probe x3  
  136  13:05  Probe x2  
  138  13:14  High Templar  
  138  13:15  High Templar x3  
  138  13:16  High Templar x3  
  138  13:17  High Templar  
  146  13:21  Archon x2  
  146  13:22  Archon x2  
  146  13:26  Observer  
  147  13:28  Gravitic Boosters  
  147  13:30  Zealot  
  147  13:31  Zealot x5  
  89  13:55  High Templar x2  
  89  13:56  High Templar x2  
  89  13:58  Zealot x3  
  89  13:59  Zealot x5  
  89  14:00  Zealot  
  99  14:12  Assimilator  
  99  14:14  Stalker  
  99  14:16  Assimilator  
  101  14:19  Archon x2  
  101  14:20  High Templar  
  101  14:21  High Templar, Zealot x2  
  101  14:22  Zealot x5  
  119  14:27  Archon  
  119  14:28  High Templar  
  119  14:29  High Templar  
  123  14:33  Archon  
  123  14:54  Probe x2  
  125  15:00  High Templar x3  
  125  15:01  High Templar  
  125  15:02  Zealot  
  125  15:03  Zealot x6  
  125  15:04  Zealot  
  125  15:05  Zealot  
  125  15:06  Archon  
  125  15:07  Archon  
  151  15:09  High Templar  
  151  15:12  Protoss Shields Level 3  
  151  15:14  Protoss Ground Armor Level 2  
  127  15:45  Stalker x4  
  127  15:46  Stalker x5  
  127  15:47  Stalker  
  127  15:48  Stalker x4  
  121  16:14  Zealot x3  
  121  16:15  Zealot x5  
  121  16:16  Zealot  
  121  16:17  Zealot  
  121  16:18  Zealot  
  143  16:19  Zealot x3  
  131  16:38  High Templar x4  
  131  16:39  High Templar x3  
  133  16:42  Archon x2  
  133  16:43  Archon  
  133  16:44  High Templar x2  
  125  17:06  High Templar x2, Zealot x2  
  125  17:07  Zealot  
  127  17:10  Archon  
  119  17:17  Archon  
  119  17:22  High Templar x2, Zealot  
  121  17:23  Zealot x5  
  121  17:24  Zealot  
  121  17:26  Archon  
  121  17:27  High Templar  
  135  17:34  High Templar x2  
  139  17:39  Archon  
  139  17:40  Archon  
  139  17:46  High Templar  
  139  17:47  High Templar, Zealot  
  139  17:48  Zealot x6  
  157  17:56  Zealot x2  
  141  18:25  Stalker x4  
  141  18:26  Stalker x6  
  157  18:27  Stalker x4  
  157  18:50  Archon  
  149  19:01  Zealot  
  145  19:02  Zealot  
  145  19:03  Zealot x6  
  145  19:04  Zealot x6  
Show
View Real Time Build Order
Export as new Build Order

XxDepravity Zerg - Winner!

Build Orders: Hatch First 

Get SALT Encoding   

  12  0:02  Drone  
  13  0:24  Overlord  
  13  0:29  Drone  
  14  0:44  Drone  
  14  0:45  Drone  
  14  0:47  Drone  
  17  1:09  Hatchery  
  16  1:17  Drone  
  17  1:25  Drone  
  18  1:32  Extractor  
  17  1:36  Drone x2  
  19  1:41  Spawning Pool  
  18  1:49  Drone  
  18  1:52  Overlord  
  19  2:32  Queen x2  
  19  2:34  Zergling x4  
  19  2:37  Drone x2  
  26  2:40  Metabolic Boost  
  26  2:47  Drone  
  27  3:07  Spore Crawler  
  27  3:08  Spine Crawler  
  25  3:17  Spore Crawler  
  24  3:21  Spine Crawler  
  24  3:23  Drone  
  24  3:24  Drone x5  
  29  3:45  Drone x3  
  32  4:03  Hatchery  
  32  4:04  Roach Warren  
  32  4:06  Drone x2  
  32  4:07  Drone  
  33  4:18  Drone x3  
  33  4:21  Overlord  
  33  4:22  Overlord  
  36  4:41  Drone x2, Extractor  
  36  4:42  Drone x4  
  41  5:06  Drone x3  
  44  5:16  Roach  
  44  5:17  Roach x3  
  44  5:18  Overlord x3  
  52  5:27  Queen  
  54  5:36  Zergling x4  
  54  5:37  Zergling x8  
  60  5:45  Roach x2  
  60  5:46  Roach  
  66  5:51  Drone x3  
  66  5:55  Extractor  
  68  6:01  Drone x2  
  70  6:08  Extractor  
  65  6:33  Zergling x24  
  73  6:42  Roach x2  
  63  6:49  Roach  
  65  6:56  Zergling x2  
  65  6:57  Zergling x4  
  68  7:01  Evolution Chamber  
  68  7:04  Drone x2  
  68  7:05  Evolution Chamber  
  68  7:06  Drone  
  69  7:15  Lair  
  69  7:16  Zergling x2  
  69  7:17  Zergling x8  
  69  7:20  Overlord  
  69  7:21  Overlord x5  
  74  7:34  Zerg Missile Weapons Level 1  
  74  7:35  Zerg Ground Armor Level 1  
  74  7:40  Drone x3  
  74  7:41  Evolution Chamber  
  77  7:44  Drone x2  
  77  7:45  Drone x7  
  77  7:47  Extractor  
  77  7:50  Extractor  
  83  8:08  Baneling Nest  
  70  8:29  Roach  
  70  8:30  Roach x13  
  98  8:55  Hydralisk Den  
  97  8:59  Spire  
  97  9:02  Drone x3, Infestation Pit  
  98  9:03  Drone  
  98  9:04  Drone x2  
  98  9:06  Overlord x2  
  98  9:07  Overlord  
  98  9:09  Overseer  
  101  9:10  Overseer  
  101  9:11  Glial Reconstitution  
  101  9:16  Pneumatized Carapace  
  89  9:37  Hydralisk  
  89  9:38  Hydralisk x11  
  111  9:46  Zergling x2  
  112  9:52  Grooved Spines  
  108  10:08  Ravager  
  108  10:09  Ravager  
  108  10:13  Ravager  
  111  10:21  Zergling x2  
  111  10:22  Zergling x14  
  111  10:26  Spine Crawler  
  111  10:27  Spore Crawler  
  111  10:28  Drone x8  
  118  10:32  Spore Crawler  
  118  10:34  Spine Crawler  
  118  10:35  Ravager  
  124  10:37  Zergling x2  
  124  10:38  Zergling x4  
  124  10:39  Overlord  
  124  10:41  Zerg Flyer Weapons Level 1  
  127  10:44  Hive  
  127  10:45  Zerg Missile Weapons Level 2  
  127  10:46  Zerg Ground Armor Level 2  
  127  10:47  Zerg Melee Weapons Level 1  
  127  10:50  Centrifical Hooks  
  125  11:09  Muscular Augments  
  125  11:10  Zergling x2  
  125  11:11  Mutalisk x4  
  126  11:13  Drone  
  126  11:14  Drone x3  
  138  11:36  Baneling  
  138  11:37  Baneling x6  
  138  11:38  Baneling x4  
  138  11:45  Mutalisk x2  
  138  11:47  Zergling x4, Overlord x3  
  143  11:48  Overlord, Hatchery  
  143  11:49  Extractor  
  143  11:50  Extractor  
  76  12:16  Roach, Hydralisk x5  
  76  12:17  Roach x4  
  91  12:41  Queen x3  
  97  12:59  Ravager x4  
  97  13:00  Ravager  
  94  13:21  Corruptor  
  94  13:22  Corruptor x3  
  94  13:23  Corruptor x2  
  98  13:27  Greater Spire  
  98  13:28  Zerg Melee Weapons Level 2  
  98  13:31  Zergling x4  
  98  13:32  Zergling x42  
  105  13:39  Queen  
  107  13:52  Corruptor  
  107  13:53  Corruptor x2  
  88  14:38  Corruptor  
  88  14:39  Corruptor x3  
  88  14:40  Zergling x2  
  88  14:41  Zergling x14  
  88  14:45  Queen  
  104  14:52  Brood Lord  
  108  14:54  Brood Lord  
  108  14:55  Corruptor  
  108  14:56  Corruptor x2  
  116  15:13  Baneling x4  
  116  15:14  Baneling x3  
  106  15:37  Corruptor x6  
  106  15:38  Corruptor  
  113  15:59  Brood Lord  
  113  16:00  Brood Lord  
  117  16:06  Zergling x2  
  117  16:07  Zergling x24  
  120  16:41  Hatchery  
  120  16:42  Extractor  
  120  16:46  Extractor  
  105  17:05  Mutalisk x3  
  105  17:06  Mutalisk x4  
  119  17:36  Spore Crawler  
  113  17:37  Corruptor x2  
  113  17:38  Corruptor x6  
  105  17:51  Hydralisk  
  105  17:52  Hydralisk x6  
  105  17:53  Zergling x6  
  105  17:54  Zergling x14  
  116  18:10  Zergling x2  
  116  18:11  Zergling x26  
  129  18:23  Spore Crawler  
  128  18:33  Spire  
Tags
 
Add a new tag
Caveats
  • Supply blocks, unpowered buildings, or Contaminate may cause inaccurate times.
  • Supply counts are checked every 10 seconds.